 Dungeon Crawl Stone Soup version 0.27-a0-1272-g7c8ad2e407 (webtiles) character file.

Game seed: 5374633237651411783

3287 27snakeeyes612 the Cleaver (level 10, 0/106 HPs)
             Began as an Ogre Fighter on June 11, 2021.
             Was a Follower of Makhleb.
             Slain by a gnoll sergeant
             ... wielding a +0 vorpal trident
              (3 damage)
             ... on level 7 of the Dungeon.
             The game lasted 00:06:10 (10222 turns).

27snakeeyes612 the Cleaver (Ogre Fighter)          Turns: 10222, Time: 00:06:11

Health: 0/106      AC:  4    Str: 25    XL:     10   Next: 1%
Magic:  10/10      EV: 11    Int:  9    God:    Makhleb [*.....]
Gold:   671        SH:  5    Dex:  8    Spells: 9/9 levels left

rFire    + . .     SeeInvis .   m - +1 battleaxe (elec)
rCold    x . .     Faith    .   (shield currently unavailable)
rNeg     . . .     Spirit   .   b - +0 robe
rPois    .         Reflect  +   (helmet restricted)
rElec    .         Harm     .   d - +0 cloak
rCorr    .         Rampage  .   (gloves unavailable)
Will     +....                  (boots unavailable)
Stlth    ++........             l - amulet of reflection
HPRegen  0.27/turn              s - ring of fire
MPRegen  0.12/turn              (no ring)

@: lethally poisoned (0 -> -7)
A: large, unfitting armour, tough skin 1
a: Renounce Religion


You were on level 7 of the Dungeon.
You worshipped Makhleb.
Makhleb was aware of your devotion.
You visited 2 branches of the dungeon, and saw 8 of its levels.

You collected 671 gold pieces.

Inventory:

Hand Weapons
 a - a +0 war axe
 m - a +1 battleaxe of electrocution (weapon)
Armour
 b - a +0 robe (worn)
 c - a +1 kite shield
 d - a +0 cloak (worn)
Jewellery
 l - an amulet of reflection (around neck)
 s - a ring of fire (left hand)
 w - a ring of poison resistance
Wands
 n - a wand of digging (5)
 u - a wand of paralysis (7) (quivered)
Scrolls
 e - 8 scrolls of teleportation
 h - a scroll of enchant armour
 p - a scroll of brand weapon {unknown}
 r - 3 scrolls of identify
 t - a scroll of vulnerability {unknown}
 v - a scroll of holy word {unknown}
Potions
 f - 2 potions of curing
 g - a potion of degeneration
 i - 2 potions of resistance
 j - a potion of berserk rage
 k - a potion of ambrosia
 o - a potion of attraction {unknown}
 q - a potion of heal wounds
 x - a potion of mutation {unknown}


   Skills:
 + Level 8.6 Fighting
 + Level 9.3 Axes
 + Level 5.7 Dodging
 + Level 2.3 Stealth
 + Level 5.8 Shields


You had 9 spell levels left.
You didn't know any spells.
Your spell library contained the following spells:

 Spells                   Type           Power      Damage    Failure   Level
 Beastly Appendage        Tmut           0%         N/A       38%         1
 Wereblood                Tmut           0%         N/A       52%         2
 Conjure Flame            Conj/Fire      0%         6-21      77%         3
 Spider Form              Tmut/Pois      0%         N/A       77%         3
 Stone Arrow              Conj/Erth      0%         3d7       77%         3
 Ice Form                 Ice/Tmut       0%         N/A       99%         4
 Sticky Flame             Conj/Fire      0%         2d3       99%         4
 Spellforged Servitor     Conj/Summ      0%         N/A       100%        7


Dungeon Overview and Level Annotations

Branches:
Dungeon (7/15)             Temple (1/1) D:5

Altars:
Dithmenos
Elyvilon
Fedhas
Kikubaaqudgha
Makhleb
Okawaru
Qazlal
Ru
Sif Muna
Trog
Uskayaw
Vehumet
Wu Jian
Xom
Yredelemnul
Zin
The Shining One

Annotations:
D:4 Eustachio
D:5 1 runed translucent door, Nacht's ghost, novice GrFi
D:7 2 transporters, Torax's ghost, novice SpAM


Innate Abilities, Weirdness & Mutations

You are too large for most types of armour.
You have tough skin. (AC +1)


Message History

You have reached level 10!
A gnoll is nearby!
A gnoll is nearby!
A gnoll is nearby!
You see here 22 sling bullets.
The gnoll shouts!
The gnoll shouts!
The gnoll sergeant hits you from afar with a +0 vorpal trident!
You closely miss the gnoll.
The gnoll hits you with a +0 spear of venom.
You are poisoned.
The gnoll sergeant closely misses you.
The gnoll hits you with a +0 spear of venom.
You are more poisoned.
You slice the gnoll!!
You kill the gnoll!
Makhleb accepts your kill.
You feel better.
You feel extremely sick.
The gnoll sergeant completely misses you.
You feel very sick.
The gnoll sergeant hits you with a +0 vorpal trident.
The gnoll hits you from afar with a +0 halberd!
There is an open door here.
You hit the gnoll sergeant.
Lightning courses through the gnoll sergeant!
The gnoll sergeant is severely wounded.
You feel very sick.
The gnoll sergeant hits you with a +0 vorpal trident!
The gnoll hits you from afar with a +0 halberd.
* * * LOW HITPOINT WARNING * * *
You block the gnoll sergeant's attack.
You closely miss the gnoll sergeant.
The gnoll sergeant is severely wounded.
You feel very sick.
The gnoll hits you from afar with a +0 halberd!
* * * LOW HITPOINT WARNING * * *
The gnoll sergeant hits you with a +0 vorpal trident!
* * * LOW HITPOINT WARNING * * *
You die...

. ##.....## #####.# ...
##.......## #.....#
#....###.........###....#####
.......'.........'...........
#....###.........###....####
... ##(......####.#.## #
##.....####..###
##)..####...###
##@###...©...###
#g#...#####...##
#g..###...###..# # ##..#
#.... ##.## #. #####...#
#....###..# ###.#
##......####≈#..##.##.#
#>.... ...##..#..##...≈#..#.#
#.....###..##..#© .._.##..#.#
#....ggg#..##..#..
#.....y.#.#


You could see a gnoll sergeant and a gnoll.

Vanquished Creatures
  Sigmund (D:3)
  3 water moccasins (D:7)
  A hornet zombie (D:6)
  An ice beast (D:5)
  2 orc warriors (D:6)
  A necrophage (D:6)
  3 ogres
  A centaur (D:6)
  4 phantoms
  A kobold brigand (D:6)
  3 scorpions
  A water moccasin skeleton (D:7)
  4 wights
  A bullfrog zombie (D:5)
  A centaur zombie (D:5)
  4 hounds
  6 jellies
  A bullfrog skeleton (D:5)
  4 orc priests
  3 centaur skeletons
  Jessica (D:3)
  8 iguanas
  Ijyb (D:3)
  4 orc wizards
  A hound zombie (D:3)
  A howler monkey skeleton (D:7)
  8 adders
  3 gnolls
  An ufetubus (D:4)
  An adder skeleton (D:4)
  2 worms (D:2)
  A dart slug (D:2)
  17 orcs
  7 ball pythons
  3 bats
  7 endoplasms
  2 giant cockroaches
  7 goblins
  5 hobgoblins
  6 jackals (D:1)
  4 quokkas
  3 frilled lizards (D:2)
  7 kobolds
  2 rats
148 creatures vanquished.

Vanquished Creatures (others)
  A scorpion (D:6)
  An orc wizard (D:4)
2 creatures vanquished.

Grand Total: 150 creatures vanquished

Notes
Turn   | Place    | Note
-------+----------+-------------------------------------------
     0 | D:1      | 27snakeeyes612 the Ogre Fighter began the quest for the
                  | Orb.
     0 | D:1      | Reached XP level 1. HP: 24/24 MP: 1/1
    96 | D:1      | HP: 1/24 [goblin/+1 dagger of electrocution (20)]
   100 | D:1      | Reached XP level 2. HP: 2/32 MP: 2/2
   419 | D:1      | Found a faded altar of an unknown god.
  1077 | D:1      | Reached XP level 3. HP: 40/40 MP: 3/3
  2023 | D:2      | Reached XP level 4. HP: 49/49 MP: 4/4
  2308 | D:3      | Noticed Sigmund
  2315 | D:3      | Killed Sigmund
  2316 | D:3      | Reached skill level 5 in Fighting
  2316 | D:3      | Reached skill level 3 in Axes
  2316 | D:3      | Reached XP level 5. HP: 57/57 MP: 5/5
  2316 | D:3      | Reached XP level 6. HP: 66/66 MP: 6/6
  2361 | D:3      | Noticed Jessica
  2363 | D:3      | Killed Jessica
  2364 | D:3      | Reached skill level 4 in Axes
  2364 | D:3      | Reached skill level 1 in Stealth
  2463 | D:3      | Noticed Ijyb
  2477 | D:3      | Killed Ijyb
  3152 | D:3      | Found a shimmering blue altar of Sif Muna.
  3152 | D:3      | Found an ancient bone altar of Kikubaaqudgha.
  3404 | D:4      | Found a stormy altar of Qazlal.
  3696 | D:4      | Reached XP level 7. HP: 52/74 MP: 7/7
  3925 | D:4      | Reached skill level 5 in Axes
  4532 | D:4      | Found a white marble altar of Elyvilon.
  4585 | D:4      | Noticed Eustachio
  5195 | D:5      | Entered Level 5 of the Dungeon
  5514 | D:5      | Reached XP level 8. HP: 53/80 MP: 8/8
  5750 | D:5      | Found a staircase to the Ecumenical Temple.
  5763 | Temple   | Entered the Ecumenical Temple
  5815 | Temple   | Became a worshipper of Makhleb the Destroyer
  5840 | D:5      | Identified the Disquisition on Attacks
  5969 | D:5      | Reached skill level 6 in Axes
  6485 | D:5      | Reached skill level 5 in Shields
  6823 | D:5      | Reached skill level 7 in Axes
  6972 | D:5      | Reached XP level 9. HP: 66/93 MP: 9/9
  6973 | D:5      | Reached skill level 5 in Dodging
  7159 | D:5      | Found a runed translucent door.
  7159 | D:5      | Noticed Nacht's ghost (novice GrFi)
  7176 | D:6      | Identified a scroll of acquirement
  7176 | D:6      | Acquired a +1 battleaxe of electrocution
  7226 | D:5      | HP: 4/93 [poisoned by a kobold brigand]
  7230 | D:5      | HP: 1/93 [poisoned by a kobold brigand]
  7833 | D:6      | Reached * piety under Makhleb
  8084 | D:6      | Reached skill level 8 in Axes
  8484 | D:6      | Found a glowing silver altar of Zin.
  9043 | D:7      | Noticed Torax's ghost (novice SpAM)
  9045 | D:7      | Noticed a moth of wrath
  9055 | D:7      | Found a transporter.
  9886 | D:7      | Reached skill level 9 in Axes
 10080 | D:7      | Found a bloodstained altar of Trog.
 10095 | D:7      | Found a transporter.
 10136 | D:7      | Reached XP level 10. HP: 68/106 MP: 10/10
 10222 | D:7      | HP: 3/106 [gnoll sergeant/+0 vorpal trident (10)]
 10222 | D:7      | Slain by a gnoll sergeant

Illustrated notes

Levels and vault maps discovered:
D:1:      dpeg_arrival_long_road, layout_basic, basic_ecumenical_altar
D:2:      layout_loops_cross, minmay_between
D:3:      layout_loops_cross, gammafunk_temple_overflow_wave, dk_noncrumbling_4,
          minmay_starry_boxes, uniq_jessica, uniq_sigmund, uniq_ijyb
D:4:      layout_loops_ring, lemuel_round_altar, grunt_qazlal_clouds,
          uniq_eustachio
D:5:      minmay_bubble_buster, layout_cave_pools,
          minmay_temple_entry_offerings, gammafunk_ghost_grave
D:6:      layout_loops_ring, amcnicky_altar_gilded
D:7:      layout_loops_corners, gammafunk_ghost_wrathful_warriors
Temple:   minmay_temple_bridge_abc

Skill      XL: |  1  2  3  4  5  6  7  8  9 |
---------------+----------------------------+-----
Dodging        | 3 4 5 |  5.7
Fighting       | 5 6 7 8 |  8.6
Axes           | 3 4 5 7 9 |  9.3
Shields        | 3 4 5 |  5.8
Stealth        | 1 2 |  2.3

Action                   |  1- 3 |  4- 6 |  7- 9 | 10-12 || total
-------------------------+-------+-------+-------+-------++-------
Melee: War axe           |    97 |   106 |   198 |       ||   401
       Battleaxe         |       |       |   126 |     4 ||   130
  Use: Potion            |       |     1 |     6 |       ||     7
       Scroll            |       |       |    10 |       ||    10
 Stab: Sleeping          |       |     1 |     2 |       ||     3
Armor: Robe              |    30 |    14 |    66 |       ||   110
Dodge: Dodged            |    40 |    33 |   137 |     2 ||   212
Block: Kite shield       |    56 |    66 |   177 |       ||   299
       Reflection        |       |     1 |     3 |       ||     4
       Other             |       |       |    37 |     1 ||    38

Table legend: (Time is in decaauts)
 A = Elapsed time spent in this place.
 B = Non-inter-level travel time spent in this place.
 C = Inter-level travel time spent in this place.
 D = Time resting spent in this place.
 E = Time spent auto-exploring this place.
 F = Levels seen in this place.
 G = Mean time per level.
                   A        B        C        D        E       F      G
               +--------+--------+--------+--------+--------+-----+--------+
         Total |  10445 |  10231 |    214 |   1674 |   7237 |   8 | 1305.6 |
       Dungeon |  10369 |  10155 |    214 |   1674 |   7191 |   7 | 1481.3 |
        Temple |     75 |     75 |      0 |      0 |     46 |   1 |   75.0 |
               +--------+--------+--------+--------+--------+-----+--------+

Top non-repeatable levels by time:
     D:5: 2340 daAuts
     D:4: 1915 daAuts
     D:6: 1331 daAuts
     D:7: 1278 daAuts
     D:1: 1274 daAuts
     D:3: 1246 daAuts
     D:2: 981 daAuts
  Temple: 75 daAuts
